 Dungeon Crawl Stone Soup version 0.23.2-33-g5129a83184 (webtiles) character file.

Game seed: 3715850077752668374

623 geeseburger the Ducker (level 7, -4/46 HPs)
             Began as a Tengu Berserker on July 10, 2019.
             Was a Priest of Trog.
             Killed from afar by an orc wizard (7 damage)
             ... with a magic dart
             ... on level 4 of the Dungeon.
             The game lasted 00:09:45 (3674 turns).

geeseburger the Ducker (Tengu Berserker)            Turns: 3674, Time: 00:09:46

Health: -4/46      AC:  5    Str: 17    XL:     7   Next: 47%
Magic:  8/8        EV: 19    Int:  8    God:    Trog [***...]
Gold:   171        SH:  0    Dex: 15    Spells: 6/6 levels left

rFire    . . .     SeeInvis +   a - +0 spear
rCold    . . .     Gourm    .   (no shield)
rNeg     . . .     Faith    .   m - +0 troll leather armour {Purgy}
rPois    .         Spirit   .   (helmet restricted)
rElec    .         Reflect  .   l - +0 cloak
rCorr    .         Harm     .   (no gloves)
MR       ++...                  (boots unavailable)
Stlth    +.........             (no amulet)
HPRegen  1.55/turn              g - ring of flight
MPRegen  0.11/turn              j - ring of see invisible

@: flying quickly and evasively, regenerating, quick
A: beak, talons 3, able to fly
a: Stop Flying, Berserk, Trog's Hand, Renounce Religion


You were on level 4 of the Dungeon.
You worshipped Trog.
Trog was most pleased with you.
You were not hungry.

You visited 1 branch of the dungeon, and saw 4 of its levels.

You collected 171 gold pieces.

Inventory:

Hand Weapons
 a - a +0 spear (weapon)
Armour
 b - a +0 animal skin
 e - a +1 plate armour
 l - a +0 cloak (worn)
 m - a +0 troll leather armour (worn) {Purgy}
Jewellery
 g - a ring of flight (left hand)
 j - a ring of see invisible (right hand)
 o - an uncursed ring of protection from fire {unknown}
Wands
 p - a wand of polymorph (4)
Scrolls
 h - a scroll of blinking {unknown}
 r - a scroll of immolation
Potions
 d - 2 potions of degeneration {unknown}
 f - 2 potions of resistance {unknown}
 i - 2 potions of curing {unknown}
 k - a potion of brilliance {unknown}
 n - 2 potions of ambrosia {unknown}
Comestibles
 c - 4 rations


   Skills:
 * Level 6.3 Fighting
 - Level 3.2 Polearms
 - Level 2.1 Armour
 * Level 6.4 Dodging


You had 6 spell levels left.
You didn't know any spells.
Your spell library was empty.

Dungeon Overview and Level Annotations

Branches:
Dungeon (4/15)
 Temple: D:4-7

Altars:
Ashenzari
Elyvilon


Innate Abilities, Weirdness & Mutations

You have a beak for a mouth.
You have claws for feet.
You can fly continuously.


Message History

The orc wizard misses you. The orc priest barely misses you.
You closely miss the orc wizard. Your kick misses the orc wizard.
Your peck misses the orc wizard. The orc wizard closely misses you.
The orc priest hits you with a +1 short sword of electrocution.
You are electrocuted!
* * * LOW HITPOINT WARNING * * *
The orc wizard mumbles some strange words.
The orc wizard blinks!
Okay, then.
Your skin crawls.
You feel resistant to hostile enchantments.
You feel somewhat more hungry.
The orc priest begins to cast a cantrip, but forgets the words!
The orc wizard gestures at you while chanting.
The magic dart hits you.
* * * LOW HITPOINT WARNING * * *
The orc wizard completely misses you.
The orc wizard gestures at you while chanting.
The magic dart hits you!
You die...

....# .o...## ....# .....## #
..### o....#8## .## #?o......
.#### ####### ### #oo.....?
....# .8#.....###.#
##........ ....#
..##.<#......###.....#8##
....##...##.....o...#8.....##
#[..##...##.....@.o.#.....##
....#8...8#...##....o....8#
....##...##..###........###
.......(.....###.......##
####..............<.#8##
##.....#.....###....###
##.#...###...###......#
.....#.###....####....#
...###..##..#.# #....#


You could see an orc priest, an orc wizard and an orc.

Vanquished Creatures
  Grinder (D:3)
  Purgy (D:3)
  3 hounds (D:4)
  Jessica (D:2)
  Natasha (thrice) (D:2)
  A hound skeleton (D:4)
  Robin (D:3)
  2 adders (D:4)
  2 oozes
  A worm (D:2)
  2 dart slugs
  2 leopard geckos (D:1)
  5 orcs
  6 bats (D:1)
  7 giant cockroaches
  24 goblins
  8 hobgoblins
  7 jackals
  2 quokkas (D:3)
  A ball python (D:2)
  A ball python skeleton (D:4)
  6 frilled lizards
  4 kobolds
  8 rats
99 creatures vanquished.

Notes
Turn   | Place    | Note
-------+----------+-------------------------------------------
     0 | D:1      | geeseburger the Tengu Berserker began the quest for the
                  | Orb.
     0 | D:1      | Reached XP level 1. HP: 14/14 MP: 2/2
   187 | D:1      | Reached XP level 2. HP: 11/19 MP: 3/3
   633 | D:1      | Reached XP level 3. HP: 23/23 MP: 4/4
   968 | D:1      | Reached ** piety under Trog
  1086 | D:2      | Noticed Jessica
  1094 | D:2      | Killed Jessica
  1094 | D:2      | Reached XP level 4. HP: 29/29 MP: 5/5
  1239 | D:2      | Found a faded altar of an unknown god.
  1344 | D:2      | Found a white marble altar of Elyvilon.
  1401 | D:2      | Noticed Natasha
  1416 | D:2      | Killed Natasha
  1491 | D:2      | Noticed Natasha
  1501 | D:2      | Killed Natasha
  1501 | D:2      | Gained mutation: You can fly continuously. [Tengu growth]
  1501 | D:2      | Reached XP level 5. HP: 24/34 MP: 6/6
  1745 | D:2      | Noticed Natasha
  1759 | D:2      | Killed Natasha
  2111 | D:3      | Noticed Purgy
  2128 | D:3      | Killed Purgy
  2128 | D:3      | Reached skill level 5 in Fighting
  2128 | D:3      | Reached skill level 5 in Dodging
  2128 | D:3      | Reached XP level 6. HP: 15/40 MP: 7/7
  2335 | D:3      | Noticed Robin
  2441 | D:3      | Killed Robin
  2832 | D:3      | Noticed Grinder
  2857 | D:3      | Killed Grinder
  2857 | D:3      | Reached XP level 7. HP: 43/45 MP: 8/8
  3245 | D:4      | Reached *** piety under Trog
  3268 | D:4      | Found a shattered altar of Ashenzari.
  3672 | D:4      | HP: 1/46 [orc wizard/magic dart (6)]
  3674 | D:4      | Killed from afar by an orc wizard

Skill      XL: |  1  2  3  4  5  6  7 |
---------------+----------------------+-----
Dodging        | 3 4 5 6 |  6.4
Fighting       | 4 5 6 |  6.3
Polearms       | |  3.2
Armour         | |  2.1

Action                   |  1- 3 |  4- 6 |  7- 9 || total
-------------------------+-------+-------+-------++-------
Melee: Spear             |   100 |   177 |    73 ||   350
       Kick              |    19 |    40 |    22 ||    81
       Peck              |    13 |    15 |    15 ||    43
       Unarmed           |       |     8 |       ||     8
Invok: Trog's Hand       |     1 |     3 |     1 ||     5
 Abil: Fly               |       |     1 |       ||     1
  Use: Scroll            |     3 |     3 |     3 ||     9
 Stab: Distracted        |       |     1 |       ||     1
       Sleeping          |       |     1 |       ||     1
  Eat: Ration            |     1 |     2 |       ||     3
Armor: Animal skin       |     3 |       |       ||     3
       Plate armour      |    29 |     6 |       ||    35
       Troll leather arm |       |    17 |     9 ||    26
       Skin              |       |    13 |       ||    13
Dodge: Dodged            |    36 |   119 |    55 ||   210
